 Dungeon Crawl Stone Soup version 0.21-a0 (webtiles) character file.

87012 wolfsongas the Spear-Bearer (level 15, -4/86 HPs)
             Began as a Vine Stalker Fighter on May 18, 2017.
             Was the Champion of Makhleb.
             Killed by divine providence
             ... invoked by a meliai
              (11 damage)
             ... on level 14 of the Dungeon on May 19, 2017.
             The game lasted 01:07:13 (21981 turns).

wolfsongas the Spear-Bearer (Vine Stalker Fighter) Turns: 21981, Time: 01:07:13

Health: -4/86      AC: 22    Str: 20    XL:     15   Next: 89%
Magic:  0/16       EV: 11    Int: 11    God:    Makhleb [******]
Gold:   1266       SH: 19    Dex: 21    Spells: 14/14 levels left

rFire    + + .     SeeInvis +   J - +0 trident of Perfectionism {holy, *Drain MR++ SInv Stlth+}
rCold    . . .     Gourm    .   c - +0 shield
rNeg     . . .     Faith    .   G - +0 plate armour {rF+}
rPois    +         Spirit   +   y - +0 hat {Int+3}
rElec    .         Reflect  +   j - +1 cloak {rPois}
rCorr    .         Harm     .   k - +0 pair of gloves
MR       +++..     Clarity  +   w - +0 pair of boots
Stlth    ..........             b - +6 amulet of reflection
Regen    1.1/turn               u - +1 ring of protection
MPRegen  0.2/turn               s - ring of protection from fire

@: lethally poisoned (-4 -> -5), about to teleport
A: fangs 3, molten scales 1, agile 2, clarity, regeneration 2, screaming 1, weak
1, magic shield, antimagic bite, no potion heal 3, rot immunity
a: Minor Destruction, Lesser Servant of Makhleb, Major Destruction, Greater
Servant of Makhleb, Renounce Religion


You were on level 14 of the Dungeon.
You worshipped Makhleb.
Makhleb was exalted by your worship.
You were not hungry.

You visited 3 branches of the dungeon, and saw 21 of its levels.

You collected 1446 gold pieces.
You spent 180 gold pieces at shops.

Inventory:

Hand Weapons
 J - the +0 trident of Perfectionism (weapon) {holy, *Drain MR++ SInv Stlth+}
   (You found it on level 6 of the Lair of Beasts)

   It has been blessed by the Shining One to cause great damage to the undead
   and demons.
   It affects your resistance to hostile enchantments.
   It lets you see invisible.
   It causes draining when unequipped.
   It makes you more stealthy.
Armour
 c - a +0 shield (worn)
 j - a +1 cloak of poison resistance (worn)
 k - a +0 pair of gloves (worn)
 w - a +0 pair of boots (worn)
 y - a +0 hat of intelligence (worn)
 G - a +0 plate armour of fire resistance (worn)
 K - +0 ice dragon scales
Jewellery
 b - a +6 amulet of reflection (around neck)
 r - an uncursed ring of ice
 s - a ring of protection from fire (right hand)
 u - a +1 ring of protection (left hand)
 v - an uncursed ring of flight
 M - an uncursed ring of resist corrosion
Wands
 a - a wand of disintegration (8/24)
 d - a wand of flame (27/48)
 q - a wand of acid (12/15)
 x - a wand of lightning (9/15)
 H - a wand of lightning (2/15)
 I - a wand of digging (12/24)
Scrolls
 g - 6 scrolls of remove curse
 l - 4 scrolls of identify
 m - 2 scrolls of enchant weapon
 n - 2 scrolls of silence
 t - 2 scrolls of magic mapping
 z - a scroll of fog
 A - 4 scrolls of teleportation
 C - 3 scrolls of amnesia
 D - a scroll of holy word
Potions
 e - 2 potions of flight
 h - 7 potions of curing
 i - a potion of resistance
 o - 4 potions of mutation
 p - 3 potions of agility
 E - a potion of haste
Comestibles
 f - 9 bread rations
 F - 14 fruits


   Skills:
 * Level 13.4 Fighting
 - Level 14.0 Polearms
 + Level 9.6 Armour
 + Level 8.5 Dodging
 * Level 10.3 Shields


You had 14 spell levels left.
You didn't know any spells.

Dungeon Overview and Level Annotations

Branches:
Dungeon (14/15)            Temple (1/1) D:5            Lair (6/6) D:8
  Swamp (0/4) Lair:3       Spider (0/4) Lair:3        Slime (0/5) Lair:5
    Orc (0/2) D:11         Vaults (0/5) D:13

Altars:
Ashenzari
Cheibriados
Dithmenos
Elyvilon
Fedhas
Gozag
Hepliaklqana
Kikubaaqudgha
Makhleb
Nemelex Xobeh
Okawaru
Qazlal
Ru
Sif Muna
Trog
Uskayaw
Vehumet
Wu Jian
Xom
Yredelemnul
Zin
The Shining One

Shops:
D:4 %   D:10 *(%


Innate Abilities, Weirdness & Mutations

You have razor-sharp teeth.
You heal very quickly.
When hurt, damage is shared between your health and your magic reserves.
Your bite disrupts and absorbs the magic of your enemies.
Potions cannot restore your health.
You are immune to rotting.
You are partially covered in molten scales. (AC +2)
You are very agile. (Dex +4)
You possess an exceptional clarity of mind.
You occasionally shout uncontrollably at your foes.
You are weak. (Str -2)


Message History

You block the killer bee's attack. The meliai hits you with a hand axe.
You block the meliai's attack.
The killer bee stings you but does no damage.
The meliai invokes the aid of its god against you.
Something smites you!
* * * LOW HITPOINT WARNING * * *
The meliai mumbles some strange prayers to its god against you.
Something smites you!
* * * LOW HITPOINT WARNING * * *
The killer bee barely misses you.
Okay, then.
As you read the scroll of teleportation, it crumbles to dust.
You feel strangely unstable.
You feel sick.
The meliai calls upon its god to heal the meliai.
The meliai is healed somewhat.
You block the killer bee's attack. The meliai hits you but does no damage.
You block the meliai's attack. The meliai misses you.
You block the meliai's attack.
The meliai calls down the wrath of its god upon you.
Something smites you!
You die... #.# #........# #.# #.## #.# ######...# #.# #.# #.# #)..# #.# #(# #.# ######## ### #.# #.# #...# .%. #.# #.# #...# y%%

#(# #.# #...# yy
#.#
#.########yy.#.###
###.#
#.#......y@y.yy..+
#...##
#.#.######.y(....#
#...'. #.#.#
#y......# #...##
#.#.# #......!#
#...# #.#.#
#=......# #...#
#(#.# #########
#...# #.#.# #####
#.#.# #.#.#


You could see a queen bee, 3 meliai and 4 killer bees.

Vanquished Creatures
  Gastronok (Lair:1)
  The ghost of Elysium the Hand of Fortune, a journeyman MfMo of Nemelex Xobeh (D:14)
  A dire elephant (Lair:4)
  Fannar (D:10)
  4 hydras
  A catoblepas (Lair:6)
  2 centaur warriors
  8 two-headed ogres
  Erica (Lair:1)
  2 death yaks
  2 tengu warriors
  An unseen horror (D:10)
  Pikel (D:4)
  A lindwurm (Lair:4)
  An orc knight (D:13)
  2 deep elf magi (D:13)
  2 wolf spiders
  21 elephants
  A manticore (D:13)
  4 black mambas
  An ice statue (D:13)
  4 centaur zombies
  Maurice (D:10)
  3 torpor snails
  15 spiny frogs
  A gargoyle (D:11)
  5 kobold demonologists
  10 komodo dragons
  2 centaur skeletons
  2 rime drakes (Lair:4)
  7 ice devils (D:13)
  4 polar bears (Lair:6)
  A harpy skeleton (D:14)
  5 trolls
  4 hornets (Lair:6)
  9 slime creatures
  5 blink frogs
  12 hippogriffs
  2 dream sheep (Lair:6)
  A centaur simulacrum (D:14)
  A shadow (D:12)
  14 spriggans (Lair:6)
  A tarantella (Lair:3)
  A water elemental (D:12)
  2 wraiths (D:14)
  2 wyverns
  3 hungry ghosts
  Grum (D:10)
  63 yaks
  17 humans
  7 basilisks
  4 hogs (D:7)
  A steam dragon (Lair:5)
  2 vampire mosquitoes
  7 swamp worms (Lair:5)
  16 water moccasins
  3 black bears (Lair:6)
  9 porcupines
  Duvessa (D:5)
  5 phantoms
  6 orc warriors
  A slave (D:4)
  5 ice beasts
  4 sky beasts
  An eye of draining (D:9)
  4 boggarts (Lair:6)
  7 ogres
  22 wolves
  13 centaurs
  15 crocodiles
  6 big kobolds
  Blork the orc (D:6)
  A gnoll sergeant (D:9)
  15 bullfrogs
  A water moccasin zombie (D:8)
  3 scorpions
  Dowan (D:5)
  25 killer bees
  9 wights (D:8)
  4 howler monkeys
  4 electric eels (D:12)
  4 crimson imps
  3 bullfrog zombies
  2 quasits
  10 hounds
  7 jellies
  4 orc priests
  5 bullfrog skeletons
  A gnoll shaman (D:8)
  16 orc wizards
  Crazy Yiuf (D:5)
  Terence (D:3)
  Ijyb (D:3)
  Natasha (thrice) (D:3)
  8 iguanas
  10 worker ants
  3 hound zombies
  3 hound skeletons
  A worker ant zombie (D:6)
  Robin (D:3)
  9 gnolls
  A howler monkey zombie (D:7)
  16 adders
  A howler monkey skeleton (D:6)
  2 shadow imps
  5 ufetubi (D:13)
  An ooze (D:1)
  An adder skeleton (D:6)
  12 worms (Lair:5)
  2 dart slugs
  7 leopard geckos
  51 orcs
  2 ball pythons
  2 giant cockroaches
  13 goblins
  12 hobgoblins
  11 jackals
  27 kobolds
  7 quokkas
  12 bats
  7 frilled lizards
  A jackal skeleton (D:8)
  2 leopard gecko zombies (D:8)
  6 rats
  3 fungi
  4 plants
761 creatures vanquished.

Vanquished Creatures (collateral kills)
  Sonja (Lair:3)
  A yak (Lair:3)
2 creatures vanquished.

Vanquished Creatures (others)
  Nessos (D:13)
  A centaur warrior (D:14)
  A cyclops (D:14)
  A slave (D:5)
  3 centaurs
  3 gnolls (D:5)
  7 orcs
  A kobold (D:13)
  17 fungi
  8 plants
  11 toadstools (Lair:4)
54 creatures vanquished.

Grand Total: 817 creatures vanquished

Notes
Turn   | Place    | Note
-------+----------+-------------------------------------------
     0 | D:1      | wolfsongas the Vine Stalker Fighter began the quest for the Orb.
     0 | D:1      | Reached XP level 1. HP: 11/11 MP: 2/2
    59 | D:1      | Reached skill level 2 in Polearms
   113 | D:1      | Gained mutation: You are partially covered in molten scales. (AC +2) [potion of mutation]
   113 | D:1      | Gained mutation: You are agile. (Dex +2) [potion of mutation]
   113 | D:1      | Gained mutation: You occasionally shout uncontrollably at your foes. [potion of mutation]
   113 | D:1      | Gained mutation: You are very agile. (Dex +4) [potion of mutation]
   167 | D:1      | Reached XP level 2. HP: 12/16 MP: 3/3
   484 | D:1      | Reached skill level 3 in Polearms
   522 | D:1      | Reached XP level 3. HP: 19/19 MP: 4/4
  1185 | D:2      | Gained mutation: Your natural rate of healing is unusually fast. [Vine Stalker growth]
  1185 | D:2      | Reached XP level 4. HP: 23/23 MP: 5/5
  1602 | D:2      | Reached skill level 4 in Polearms
  1766 | D:3      | Reached XP level 5. HP: 27/27 MP: 6/6
  1814 | D:3      | Reached skill level 5 in Polearms
  1979 | D:3      | Noticed Natasha
  1983 | D:3      | Killed Natasha
  1983 | D:3      | Reached XP level 6. HP: 28/32 MP: 7/7
  2042 | D:3      | Found a blossoming altar of Fedhas.
  2131 | D:3      | Noticed Natasha
  2135 | D:3      | Killed Natasha
  2155 | D:3      | Reached skill level 6 in Polearms
  2156 | D:3      | Found an ornate altar of the Wu Jian Council.
  2157 | D:3      | Noticed Ijyb
  2160 | D:3      | Noticed Terence
  2175 | D:3      | Killed Ijyb
  2181 | D:3      | Killed Terence
  2223 | D:3      | Reached XP level 7. HP: 35/35 MP: 8/8
  2255 | D:3      | Noticed Robin
  2278 | D:3      | Killed Robin
  2414 | D:3      | Noticed Natasha
  2419 | D:3      | Killed Natasha
  2741 | D:4      | Reached skill level 7 in Polearms
  2752 | D:4      | Found Fant's Food Emporium.
  3154 | D:5      | Entered Level 5 of the Dungeon
  3396 | D:5      | Reached skill level 8 in Polearms
  3414 | D:5      | Noticed Pikel
  3430 | D:5      | Found a staircase to the Ecumenical Temple.
  3476 | D:4      | Killed Pikel
  3476 | D:4      | Reached skill level 9 in Polearms
  3476 | D:4      | Gained mutation: You have razor-sharp teeth. [Vine Stalker growth]
  3476 | D:4      | Reached XP level 8. HP: 30/39 MP: 9/9
  3509 | D:5      | Noticed Duvessa
  3520 | D:5      | Noticed Dowan
  3635 | D:5      | Killed Dowan
  3641 | D:5      | Reached skill level 10 in Polearms
  3662 | D:5      | Killed Duvessa
  3680 | D:4      | Reached XP level 9. HP: 11/43 MP: 7/10
  4125 | D:5      | Found a runed door.
  4129 | D:5      | Noticed Crazy Yiuf
  4135 | D:5      | Killed Crazy Yiuf
  4300 | Temple   | Entered the Ecumenical Temple
  4353 | Temple   | Became a worshipper of Makhleb the Destroyer
  4388 | D:6      | Noticed Blork the orc
  4396 | D:6      | Killed Blork the orc
  4616 | D:6      | Reached skill level 11 in Polearms
  4678 | D:6      | Found a sacrificial altar of Ru.
  4934 | D:7      | Reached skill level 1 in Dodging
  4945 | D:7      | Reached * piety under Makhleb
  5041 | D:7      | Reached XP level 10. HP: 51/51 MP: 11/11
  5097 | D:7      | Found a bloodstained altar of Trog.
  5199 | D:7      | Reached skill level 5 in Fighting
  5534 | D:8      | Found a staircase to the Lair.
  5534 | D:8      | Noticed an elephant
  5627 | D:8      | Gained mutation: You possess an exceptional clarity of mind. [mutagenic meat]
  5842 | D:8      | Reached ** piety under Makhleb
  6690 | D:9      | Noticed a two-headed ogre
  6699 | D:9      | Killed a two-headed ogre
  6699 | D:9      | Reached skill level 5 in Shields
  6699 | D:9      | Reached XP level 11. HP: 58/58 MP: 12/12
  6806 | D:9      | Gained mutation: You are weak. (Str -2) [mutagenic meat]
  6839 | D:9      | Reached *** piety under Makhleb
  7129 | D:9      | Noticed a two-headed ogre
  7133 | D:9      | Reached skill level 5 in Armour
  7148 | D:9      | Killed a two-headed ogre
  7245 | D:9      | Noticed a two-headed ogre
  7256 | D:9      | Killed a two-headed ogre
  7320 | D:9      | Noticed a two-headed ogre
  7330 | D:9      | Killed a two-headed ogre
  7481 | D:9      | Noticed a two-headed ogre
  7488 | D:9      | Killed a two-headed ogre
  7771 | D:9      | Reached **** piety under Makhleb
  7912 | D:10     | Entered Level 10 of the Dungeon
  7912 | D:10     | Noticed Fannar
  7969 | Lair:1   | Entered Level 1 of the Lair of Beasts
  7995 | Lair:1   | Reached skill level 12 in Polearms
  8140 | Lair:1   | Gained mutation: You heal very quickly. [Vine Stalker growth]
  8140 | Lair:1   | Reached XP level 12. HP: 63/65 MP: 10/13
  8174 | Lair:1   | Noticed Gastronok
  8196 | Lair:1   | Killed Gastronok
  8196 | Lair:1   | Reached skill level 5 in Dodging
  8390 | Lair:1   | Noticed Erica
  8402 | Lair:1   | Killed Erica
  9229 | Lair:2   | Noticed a six-headed hydra
  9343 | Lair:2   | Killed a six-headed hydra
  9645 | Lair:3   | Noticed a death yak
  9680 | Lair:2   | Killed a death yak
  9706 | Lair:3   | Found a hole to the Spider Nest.
  9723 | Lair:3   | Found a staircase to the Swamp.
  9802 | Lair:3   | Reached ***** piety under Makhleb
  9860 | Lair:3   | Reached skill level 13 in Polearms
  9993 | Lair:3   | Noticed Sonja
 10001 | Lair:3   | Killed Sonja
 10021 | Lair:3   | Reached XP level 13. HP: 71/71 MP: 12/14
 11639 | Lair:4   | Reached skill level 14 in Polearms
 11800 | Lair:4   | Reached skill level 10 in Fighting
 11993 | Lair:4   | Found a runed door.
 12078 | Lair:4   | Noticed a dire elephant
 12098 | Lair:4   | Killed a dire elephant
 13192 | Lair:5   | Found a staircase to the Slime Pits.
 13412 | Lair:5   | Reached XP level 14. HP: 77/77 MP: 15/15
 14078 | Lair:6   | Entered Level 6 of the Lair of Beasts
 14352 | Lair:6   | Paralysed by a hornet for 3 turns
 15020 | Lair:6   | Got a steaming trident
 15021 | Lair:6   | Identified the +0 trident of Perfectionism {holy, *Drain MR++ SInv Stlth+} (You found it on level 6 of the Lair of Beasts)
 15333 | Lair:6   | Reached ****** piety under Makhleb
 15967 | Lair:6   | Paralysed by a hornet for 3 turns
 16320 | D:10     | Killed Fannar
 16436 | D:10     | Found Wedenwusko's Food Shop.
 16458 | D:10     | Noticed Grum
 16483 | D:10     | Killed Grum
 16583 | D:10     | Found Eliom's Antique Weapon Shoppe.
 16636 | D:10     | Noticed Maurice
 16654 | D:10     | Killed Maurice
 16675 | D:10     | Found Zoyng's Assorted Antiques.
 16692 | D:10     | Bought a scroll labeled UDY WANEABRAARUNIU for 30 gold pieces
 16692 | D:10     | Bought a silver ring for 150 gold pieces
 17287 | D:11     | Found a staircase to the Orcish Mines.
 18046 | D:12     | Reached XP level 15. HP: 85/85 MP: 16/16
 19186 | D:13     | Noticed Nessos
 19726 | D:13     | Killed Nessos
 19933 | D:13     | Found a gate to the Vaults.
 20735 | D:13     | Reached skill level 10 in Shields
 21308 | D:14     | Noticed Elysium's ghost (journeyman MfMo)
 21737 | D:14     | Killed Elysium's ghost
 21981 | D:14     | Killed from afar by a meliai

Vault maps used:
D:1:      arrival_zaba_pyramid
D:2:      kennysheep_nondescript, kennysheep_generic_room_15
D:3:      old_standard_altar, lemuel_crystal_altar, first_bread, uniq_ijyb,
          uniq_terence, uniq_natasha, uniq_robin
D:4:      serial_shops, shop
D:5:      minmay_temple_entry_statues, uniq_pikel, uniq_duvessa,
          uniq_crazy_yiuf_cottage
D:6:      nicolae_ru_path_of_blood, uniq_blork_the_orc
D:7:      overflow_temple_1_default, grunt_livestock, eino_tiny_chamber
D:8:      wad_cavern_with_rooms, david_lair_generic
D:10:     serial_shops, kennysheep_mini, nicolae_shop_window_shopping, shop,
          uniq_grum, uniq_fannar, uniq_maurice
D:11:     orc_0_dummy
D:12:     kennysheep_big_flooded_room
D:13:     cheibrodos_frozen_isle, david_vaults_3
D:14:     special_room
Temple:   nicolae_temple_no_exploring_needed
Lair:1:   uniq_gastronok, uniq_erica
Lair:2:   uniq_sonja
Lair:3:   swamp_mist, spider_nest_entry_rubble, st_stairs_10
Lair:4:   gammafunk_lair_enchanted_lake, grunt_megastairs_4,
          lemuel_fruit_fields, serial_bayou_shore_b
Lair:5:   minmay_slime_entry_pillars, worms_lemuel, grunt_megastairs_3,
          infiniplex_staircase_pool_2
Lair:6:   minmay_lair_end_enchanted_forest

Skill      XL: |  1  2  3  4  5  6  7  8  9 10 11 12 13 14 15 |
---------------+----------------------------------------------+-----
Polearms       | 2 3 4 5 6 9 10 11 12 13 14 | 14.0
Fighting       | 4 6 8 9 10 12 13 | 13.4
Shields        | 3 5 6 7 8 10 | 10.3
Dodging        | 1 3 4 5 6 7 8 |  8.5
Armour         | 3 4 5 7 8 9 |  9.6

Action                   |  1- 3 |  4- 6 |  7- 9 | 10-12 | 13-15 || total
-------------------------+-------+-------+-------+-------+-------++-------
Melee: Trident           |   121 |   140 |   395 |   844 |  2712 ||  4212
       Bite              |    25 |    39 |   137 |   344 |  1147 ||  1692
Invok: Lesser Servant of |       |       |       |     1 |       ||     1
 Abil: Stop Flying       |       |       |       |       |     1 ||     1
       Evoke Flight      |       |       |       |       |     1 ||     1
Evoke: Wand              |       |       |       |     2 |     9 ||    11
  Use: Scroll            |     7 |     2 |     7 |    11 |    20 ||    47
       Potion            |     4 |     3 |     2 |     4 |    14 ||    27
  Eat: Chunk             |     1 |     1 |       |     5 |    13 ||    20
       Bread ration      |       |     2 |       |     1 |     2 ||     5
       Royal jelly       |       |     1 |     1 |     6 |     3 ||    11
       Fruit             |       |       |     1 |       |       ||     1
       Meat ration       |       |       |       |     2 |     1 ||     3
Armor: Chain mail        |    59 |    63 |   133 |   282 |   435 ||   972
       Skin              |       |       |       |       |    57 ||    57
       Plate armour      |       |       |       |       |   154 ||   154
       Ice dragon scales |       |       |       |       |    14 ||    14
Dodge: Dodged            |    11 |    25 |    44 |   155 |   453 ||   688
Block: Shield            |    54 |   129 |   279 |   647 |  1627 ||  2736
       Reflection        |       |     2 |     4 |    13 |    49 ||    68
